 Dungeon Crawl Stone Soup version 0.30-a0-913-g9934a0ce24 (webtiles) character file.

Game seed: 35450770838328455

99626 SingularityParadox the Basher (level 15, 0/127 HPs)
             Began as a Demonspawn Gladiator on Mar 19, 2023.
             Was the Champion of Okawaru.
             Slain by a slime creature (2 damage)
             ... on level 14 of the Dungeon.
             The game lasted 00:54:16 (21119 turns).

SingularityParadox the Basher (DsGl)               Turns: 21119, Time: 00:54:17

Health: 0/127      AC: 37    Str: 24    XL:     15   Next: 78%
Magic:  21/23      EV: 13    Int: 13    God:    Okawaru [******]
Gold:   2356       SH:  4    Dex: 20    Spells: 14/14 levels left

rFire   + . .      SeeInvis .    f - +3 morningstar (heavy)
rCold   + . .      Faith    .    (no shield)
rNeg    . . .      Spirit   .    s - +5 plate armour of Indemnity {rPois Will++}
rPois   +          Reflect  .    G - +2 hat {Stlth+}
rElec   .          Rampage  .    T - scarf {rC+ rF+}
rCorr   .          Rage     3%   (gloves unavailable)
Will    +++..                    O - +0 pair of boots of Awetwaameg {Regen+ Int+3}
Stlth   +                        M - amulet of the acrobat
HPRegen 1.21/turn                j - +6 ring of dexterity
MPRegen 0.18/turn                q - +6 ring of strength

@: heroic
A: claws 3, icemail 2, powered by death 2, sharp scales 2, condensation shield,
hooves 1, horns 1, berserk 1, clumsy 2
a: Renounce Religion, Heroism, Finesse, Duel


You were on level 14 of the Dungeon.
You worshipped Okawaru.
Okawaru was exalted by your worship.
You visited 5 branches of the dungeon, and saw 23 of its levels.
You visited 1 bazaar.
You also visited: Ossuary and Ice Cave.

You collected 3212 gold pieces.
You spent 856 gold pieces at shops.

Inventory:

Hand Weapons
 a - a +2 flail
 f - a +3 heavy morningstar (weapon)
 w - a +4 flail
 J - the +10 mace of the Winnowing Gods {freeze, rC++ Dex-4 Stlth+}
   (Okawaru gifted it to you on level 1 of the Lair of Beasts)

   Dex:       It affects your dexterity (-4).
   rC:        It greatly protects you from cold.
   Stlth:     It makes you more stealthy.
Missiles
 d - 2 throwing nets (quivered)
 e - a javelin
 H - 2 datura-tipped darts
 R - 3 atropa-tipped darts
Armour
 c - the +6 scale mail of Quiet Fog {rC+}
   (You found it on level 3 of the Dungeon)

   rC:        It protects you from cold.
 l - a +1 cloak
 s - the +5 plate armour of Indemnity (worn) {rPois Will++}
   (You found it on level 5 of the Dungeon)

   rPois:     It protects you from poison.
   Will:      It greatly increases your willpower.
 y - a +1 plate armour of fire resistance
 G - a +2 hat of stealth (worn)
 O - the +0 pair of boots of Awetwaameg (worn) {Regen+ Int+3}
   (Okawaru gifted it to you on level 5 of the Lair of Beasts)

   Int:       It affects your intelligence (+3).
   Regen:     It increases your rate of health regeneration.
 T - a scarf of resistance (worn)
Jewellery
 j - a +6 ring of dexterity (left claw)
 q - a +6 ring of strength (right claw)
 L - a ring of protection from fire
 M - an amulet of the acrobat (around neck)
Wands
 k - a wand of flame (55)
 p - a wand of mindburst (34)
 x - a wand of quicksilver (14)
 P - a wand of polymorph (7)
Scrolls
 g - 2 scrolls of amnesia
 t - 5 scrolls of teleportation
 z - 8 scrolls of identify
 D - a scroll of fear
 F - 3 scrolls of poison
 I - a scroll of silence
Potions
 b - 6 potions of lignification
 h - 3 potions of berserk rage
 i - 6 potions of flight
 m - a potion of resistance
 n - 3 potions of magic
 o - 4 potions of brilliance
 r - 4 potions of might
 u - 6 potions of curing
 v - 4 potions of ambrosia
 A - 3 potions of cancellation
 B - 6 potions of heal wounds
 C - 3 potions of haste
 E - a potion of invisibility


   Skills:
 * Level 14.6(19.6) Fighting
 + Level 14.8(19.8) Maces & Flails
 + Level 2.6(7.6) Throwing
 * Level 13.4(18.4) Armour
 + Level 4.7(9.7) Dodging
 + Level 2.9(7.9) Stealth
 + Level 6.8(11.8) Shields
 * Level 11.8 Invocations


You had 14 spell levels left.
You didn't know any spells.
Your spell library contained the following spells:

 Spells                   Type           Power      Damage    Failure   Level
 Kiss of Death            Conj/Necr      0%         2d5       88%         1
 Magic Dart               Conj           0%         1d3       88%         1
 Shock                    Conj/Air       0%         1d3       88%         1
 Slow                     Hex            0%         N/A       88%         1
 Cigotuvi's Dreadful Rot  Necr/Pois/Air  0%         N/A       96%         2
 Searing Ray              Conj           0%         2d4       96%         2
 Sublimation of Blood     Necr           0%         N/A       96%         2
 Confusing Touch          Hex            0%         N/A       99%         3
 Dazzling Flash           Conj/Hex       0%         N/A       99%         3
 Gell's Gravitas          Tloc           0%         N/A       99%         3
 Hailstorm                Conj/Ice       0%         3d3       99%         3
 Kindle Blastsparks       Fire/Tloc/Air  0%         2d10      99%         3
 Ozocubu's Armour         Ice            0%         N/A       99%         3
 Stone Arrow              Conj/Erth      0%         3d7       99%         3
 Swiftness                Air            0%         N/A       99%         3
 Teleport Other           Tloc           0%         N/A       99%         3
 Vampiric Draining        Necr           0%         2d6       99%         3
 Vhi's Electric Charge    Tloc/Air       0%         N/A       99%         3
 Airstrike                Air            0%         2d(0-16)  100%        4
 Dispel Undead            Necr           0%         3d6       100%        4
 Fulminant Prism          Conj/Hex       0%         3d5       100%        4
 Ice Form                 Ice/Tmut       0%         N/A       100%        4
 Iskenderun's Mystic Bla  Conj/Tloc      0%         2d3       100%        4
 Petrify                  Tmut/Erth      0%         N/A       100%        4
 Agony                    Necr           0%         N/A       100%        5
 Arcjolt                  Conj/Air       0%         1d10      100%        5
 Irradiate                Conj/Tmut      0%         3d11      100%        5
 Lee's Rapid Deconstruct  Erth           0%         3d4*      100%        5
 Silence                  Hex/Air        0%         N/A       100%        5
 Dispersal                Tloc           0%         N/A       100%        6
 Ozocubu's Refrigeration  Ice            0%         4d7       100%        7
 Lehudib's Crystal Spear  Conj/Erth      0%         10d2      100%        8
 Maxwell's Capacitive Co  Air            0%         ∞         100%        8
 Animate Armour           Summ/Erth      Unusable   N/A       N/A         4
 Death Channel            Necr           Unusable   N/A       N/A         6
 Simulacrum               Ice/Necr       Unusable   N/A       N/A         6

Dungeon Overview and Level Annotations

Branches:
Dungeon (14/15)            Temple (1/1) D:5            Lair (5/5) D:8
  Swamp (0/4) Lair:2        Snake (1/4) Lair:2        Slime (0/5) Lair:5
    Orc (2/2) D:10            Elf (0/3) Orc:2        Vaults (0/5) D:13
Ossuary (visited)           IceCv (visited)

Altars:
Ashenzari
Cheibriados
Dithmenos
Fedhas
Gozag
Hepliaklqana
Kikubaaqudgha
Makhleb
Nemelex Xobeh
Okawaru
Qazlal
Ru
Sif Muna
Trog
Uskayaw
Vehumet
Wu Jian
Xom
Yredelemnul
Jiyva

Shops:
D:9 :   D:10 [(   Orc:2 ([[:***

Portals:
Trove: D:13 (give +4 storm dragon scales)

Annotations:
D:7 2 transporters, AverageBear's ghost, novice OpFi


Innate Abilities, Weirdness & Mutations

You have claws for hands.
A meltable icy envelope protects you from harm. (AC +8)
You regenerate health from kills.
You are mostly covered in razor-sharp scales. (AC +2, Slay +2)
A meltable shield of frost defends you. (SH +4)
You have large cloven feet.
You have a pair of small horns on your head.
You sometimes lose your temper in combat.
You are very clumsy. (Dex -4)


Message History

A slime creature comes into view.
The slime creature hits you but does no damage.
Things that are here:
4 large rocks; a cyclops corpse The slime creature attacks as you move away!
The slime creature hits you but does no damage.
The large slime creature closely misses you.
You stick the large slime creature like a pincushion!!!
The large slime creature is heavily wounded.
Two slime creatures merge to form a very large slime creature.
The slime creature hits you but does no damage. x2
You hammer the very large slime creature like a gong!!!
You headbutt the very large slime creature.
The very large slime creature is severely wounded.
You block the slime creature's attack.
The very large slime creature hits you!!
Unknown command.
You bludgeon the very large slime creature!!
The very large slime creature is almost dead.
The slime creature hits you!
Two slime creatures merge to form an enormous slime creature.
Unknown command.
You bludgeon the enormous slime creature!!
The enormous slime creature is severely wounded.
The slime creature misses you.
Unknown command.
You barely miss the enormous slime creature.
The enormous slime creature is severely wounded.
The enormous slime creature hits you!!!
The slime creature hits you but does no damage.
You hit the enormous slime creature but do no damage.
The enormous slime creature is severely wounded.
The enormous slime creature hits you!!
* * * LOW HITPOINT WARNING * * *
The slime creature hits you but does no damage.
You gain the combat prowess of a mighty hero.
The enormous slime creature hits you!
* * * LOW HITPOINT WARNING * * *
The slime creature hits you.
You die...

#....# #.
..# #....#
#....#
.###..#.#
........#
........#
......#@#
......JJ#
#####+##...#
......(#...#
.......#.#.#
.......#.#.#
.......#...#
.......#...#
.......#.#.#


You could see an enormous slime creature and a slime creature.

Vanquished Creatures
  An ettin (Orc:1)
  Fannar (Orc:1)
  2 vault guards (D:13)
  Erolcha (D:9)
  4 hydras
  Erica (D:9)
  4 catoblepae
  3 two-headed ogres
  4 boulder beetles
  A death yak (Lair:4)
  A centaur warrior (D:13)
  5 orc high priests (Orc:2)
  A tengu warrior (D:13)
  2 soul eaters (D:13)
  A skyshark (Lair:1)
  2 sun demons (D:13)
  Nergalle (D:10)
  Sonja (D:10)
  Amaemon (D:9)
  Lodul (D:10)
  2 bog bodies (Lair:2)
  A deep elf archer (D:13)
  3 lindwurms (Lair:5)
  7 orc knights (Orc:2)
  5 necromancers
  An orc sorcerer (Orc:2)
  An ugly thing (D:13)
  A wolf spider (Lair:5)
  4 manticores
  An oklob plant (Lair:2)
  5 cyclopes
  9 elephants
  A rust devil (D:13)
  2 ice statues
  4 black mambas
  An orange demon (D:10)
  9 cane toads
  2 smoke demons (D:13)
  A gargoyle (D:12)
  4 torpor snails
  5 rime drakes
  Psyche (D:11)
  A freezing wraith (IceCv)
  17 komodo dragons
  15 ice devils
  2 hornets
  7 trolls
  A red devil (D:13)
  12 polar bears
  Grinder (D:6)
  A raiju (Lair:5)
  2 dream sheep (Lair:3)
  16 blink frogs
  A centaur simulacrum (D:11)
  12 slime creatures
  Sigmund (D:3)
  2 shadows
  2 spriggans (Lair:2)
  31 yaks
  18 humans (D:13)
  A water elemental (D:11)
  4 basilisks
  5 wyverns
  3 vampire mosquitoes (D:11)
  2 neqoxecs (D:13)
  3 dire elephant simulacra (IceCv)
  Grum (D:8)
  5 death yak simulacra (IceCv)
  2 harpy simulacra (IceCv)
  Menkaure (D:6)
  3 steam dragons
  7 wargs
  3 hydra simulacra (IceCv)
  6 nagas (Lair:2)
  16 hell hounds (Lair:5)
  3 acid dragons
  11 water moccasins
  2 sky beasts (D:6)
  4 ice beasts
  37 orc warriors
  14 ogres
  15 black bears
  An ogre (shapeshifter) (D:10)
  62 wolves
  A phantom (D:5)
  10 centaurs
  An elf zombie (D:7)
  3 kobold brigands
  9 bullfrogs
  A gnoll sergeant (D:9)
  2 two-headed ogre simulacra (D:11)
  4 cane toad simulacra (IceCv)
  A scorpion (D:7)
  3 wights (D:7)
  16 killer bees
  2 elephant simulacra (IceCv)
  2 electric eels (D:11)
  A howler monkey (D:10)
  2 centaur zombies (Ossuary)
  A human zombie (D:7)
  7 hounds
  4 gnoll boudas
  24 orc priests
  3 jellies
  Crazy Yiuf (D:3)
  2 sleepcaps
  A human skeleton (D:7)
  6 iguanas
  Terence (D:3)
  18 orc wizards
  4 yak simulacra (Lair:5)
  7 polar bear simulacra
  2 spriggan simulacra (D:11)
  3 troll simulacra
  7 wolf simulacra
  4 mummies (Ossuary)
  27 gnolls
  4 naga simulacra
  7 adders
  6 white imps
  3 ufetubi
  5 dart slugs
  80 orcs
  3 ball pythons
  12 endoplasms
  2 giant cockroaches
  4 hobgoblins
  3 quokkas
  2 bats
  4 frilled lizards
  6 goblins
  4 hobgoblin zombies (Ossuary)
  13 kobolds
  An orc skeleton (D:7)
  2 orc zombies (D:7)
  7 rats
  2 river rat simulacra (Lair:5)
811 creatures vanquished.

Vanquished Creatures (others)
  An orc warrior (Orc:2)
  An orc wizard (D:4)
  2 demonic plants (D:13)
  15 fungi
  35 plants
54 creatures vanquished.

Grand Total: 865 creatures vanquished

Notes
Turn   | Place    | Note
-------+----------+-------------------------------------------
     0 | D:1      | SingularityParadox the Demonspawn Gladiator began the quest
                  | for the Orb.
     0 | D:1      | Reached XP level 1. HP: 16/16 MP: 1/1
   306 | D:1      | Gained mutation: A meltable shield of frost defends you.
                  | (SH +4) [demonic ancestry]
   306 | D:1      | Reached XP level 2. HP: 22/22 MP: 2/2
   821 | D:2      | Gained mutation: You regenerate a little health from kills.
                  | [demonic ancestry]
   821 | D:2      | Reached XP level 3. HP: 3/28 MP: 3/3
   952 | D:2      | Reached skill level 1 in Stealth
  1200 | D:2      | Reached XP level 4. HP: 34/34 MP: 4/4
  1359 | D:2      | Found a hide-covered altar of Uskayaw.
  1598 | D:3      | Noticed Sigmund
  1621 | D:3      | Noticed Terence
  1634 | D:3      | Killed Terence
  1635 | D:3      | Reached skill level 1 in Armour
  1691 | D:2      | Gained mutation: You are partially covered in razor-sharp
                  | scales. (AC +1, Slay +1) [demonic ancestry]
  1691 | D:2      | Reached XP level 5. HP: 33/39 MP: 5/5
  1935 | D:3      | Identified the +6 scale mail of Quiet Fog {rC+}
  1976 | D:3      | Found a runed translucent door.
  1977 | D:3      | Noticed Crazy Yiuf
  2018 | D:3      | Killed Sigmund
  2019 | D:3      | Gained mutation: You have sharp fingernails. [demonic
                  | ancestry]
  2019 | D:3      | Reached XP level 6. HP: 40/47 MP: 6/6
  2295 | D:3      | Found a glowing drain.
  2347 | D:3      | Killed Crazy Yiuf
  2699 | D:4      | Identified a scroll of acquirement
  2699 | D:4      | Acquired a +0 morningstar of protection
  3404 | D:5      | Entered Level 5 of the Dungeon
  3432 | D:5      | HP: 2/47 [orc/+0 club (2)]
  3438 | D:5      | HP: 1/47 [orc/+0 club (2)]
  3449 | D:4      | Gained mutation: You are mostly covered in razor-sharp
                  | scales. (AC +2, Slay +2) [demonic ancestry]
  3449 | D:4      | Reached XP level 7. HP: 5/52 MP: 7/7
  3642 | D:5      | Reached skill level 1 in Shields
  3745 | D:5      | Reached skill level 5 in Maces & Flails
  3883 | D:5      | Identified the +5 plate armour of Indemnity {rPois Will++}
  4492 | D:5      | Found a staircase to the Ecumenical Temple.
  4503 | Temple   | Entered the Ecumenical Temple
  4742 | Temple   | Became a worshipper of Warmaster Okawaru
  5270 | D:6      | Gained mutation: You have very sharp fingernails. [demonic
                  | ancestry]
  5270 | D:6      | Reached XP level 8. HP: 61/61 MP: 8/8
  5298 | D:6      | Found a blossoming altar of Fedhas.
  5300 | D:6      | Noticed Menkaure
  5300 | D:6      | Noticed Grinder
  5716 | D:6      | Killed Grinder
  5837 | D:6      | Reached * piety under Okawaru
  5838 | D:6      | Reached skill level 5 in Fighting
  6164 | D:6      | Killed Menkaure
  6230 | D:7      | Gained mutation: You regenerate health from kills. [demonic
                  | ancestry]
  6230 | D:7      | Reached XP level 9. HP: 57/68 MP: 9/9
  6247 | D:6      | Gained mutation: You occasionally shout uncontrollably at
                  | your foes. [potion of mutation]
  6247 | D:6      | Gained mutation: You are weak. (Str -2) [potion of
                  | mutation]
  6247 | D:6      | Gained mutation: Armour fits poorly on your strangely
                  | shaped body. [potion of mutation]
  6283 | D:7      | Found a shimmering blue altar of Sif Muna.
  6283 | D:7      | Found a burning altar of Makhleb.
  6283 | D:7      | Found a shimmering altar of Xom.
  6283 | D:7      | Found a bloodstained altar of Trog.
  6292 | D:7      | Found an ancient bone altar of Kikubaaqudgha.
  6292 | D:7      | Found a radiant altar of Vehumet.
  6418 | D:7      | Reached ** piety under Okawaru
  6770 | D:7      | Found a sand-covered staircase.
  6777 | Ossuary  | Entered an ossuary
  6933 | D:7      | Noticed AverageBear's ghost (novice OpFi)
  6940 | D:7      | Noticed a moth of wrath
  6948 | D:7      | Found a transporter.
  6968 | D:7      | Found a transporter.
  7130 | D:8      | Found a stormy altar of Qazlal.
  7131 | D:8      | Found a sparkling altar of Nemelex Xobeh.
  7133 | D:8      | Found a hazy altar of Hepliaklqana.
  7220 | D:8      | Noticed a komodo dragon
  7222 | D:8      | Found a staircase to the Lair.
  7231 | D:8      | Killed a komodo dragon
  7232 | D:8      | Reached skill level 5 in Armour
  7373 | D:8      | Noticed a two-headed ogre
  7382 | D:8      | Killed a two-headed ogre
  7382 | D:8      | Reached *** piety under Okawaru
  7383 | D:8      | Reached XP level 10. HP: 79/79 MP: 10/10
  7410 | D:8      | Lost mutation: You occasionally shout uncontrollably at
                  | your foes. [potion of mutation]
  7410 | D:8      | Lost mutation: Armour fits poorly on your strangely shaped
                  | body. [potion of mutation]
  7410 | D:8      | Gained mutation: Your natural rate of healing is unusually
                  | fast. [potion of mutation]
  7410 | D:8      | Gained mutation: You have sharp toenails. [potion of
                  | mutation]
  7410 | D:8      | Gained mutation: You have a pair of small horns on your
                  | head. [potion of mutation]
  7410 | D:8      | Gained mutation: You have a pair of horns on your head.
                  | [potion of mutation]
  7437 | D:8      | Noticed Grum
  7442 | D:8      | Killed Grum
  7904 | D:8      | Found a hide-covered altar of Uskayaw.
  8171 | D:9      | Found Geuforea's Book Shop.
  8172 | D:9      | Noticed Erolcha
  8182 | D:9      | Killed Erolcha
  8182 | D:9      | Reached **** piety under Okawaru
  8336 | D:9      | Reached skill level 10 in Maces & Flails
  8513 | D:9      | Identified the +0 buckler of Summer {*Corrode rPois Int+2
                  | Dex+4}
  8562 | D:9      | Noticed Erica
  8575 | D:9      | Killed Erica
  8776 | D:9      | Reached ***** piety under Okawaru
  8862 | D:10     | Entered Level 10 of the Dungeon
  8862 | D:10     | Found Mut Adef's Weapon Emporium.
  8864 | D:10     | Found a staircase to the Orcish Mines.
  8865 | D:10     | Noticed Nergalle
  8865 | D:10     | Noticed an orange demon
  8959 | Lair:1   | Entered Level 1 of the Lair of Beasts
  8967 | Lair:1   | Noticed a cane toad
  8974 | Lair:1   | Killed a cane toad
  8975 | Lair:1   | Reached skill level 1 in Invocations
  9000 | Lair:1   | You fall into a shaft and drop 1 floor!
  9005 | Lair:2   | Noticed a cane toad
  9006 | Lair:2   | Noticed a bog body
  9021 | Lair:2   | Killed a bog body
  9022 | Lair:2   | Gained mutation: You have claws for hands. [demonic
                  | ancestry]
  9022 | Lair:2   | Reached XP level 11. HP: 85/89 MP: 10/12
  9028 | Lair:2   | Received a gift from Okawaru
  9132 | Lair:2   | Noticed a four-headed hydra
  9139 | Lair:2   | Noticed a bog body
  9141 | Lair:2   | Killed a four-headed hydra
  9141 | Lair:2   | Received a gift from Okawaru
  9148 | Lair:2   | Killed a bog body
  9199 | Lair:2   | Found a staircase to the Swamp.
  9491 | Lair:2   | Noticed an oklob plant
  9503 | Lair:2   | Killed an oklob plant
  9676 | Lair:2   | Reached skill level 10 in Fighting
  9689 | Lair:2   | Found a staircase to the Snake Pit.
 10204 | Lair:1   | Reached ****** piety under Okawaru
 10204 | Lair:1   | Received a gift from Okawaru
 10221 | Lair:1   | Noticed a skyshark
 10234 | Lair:1   | Killed a skyshark
 10235 | Lair:1   | Gained mutation: A meltable icy envelope protects you from
                  | harm. (AC +8) [demonic ancestry]
 10235 | Lair:1   | Reached XP level 12. HP: 68/98 MP: 15/15
 10241 | Lair:1   | Reached skill level 5 in Invocations
 10298 | Lair:1   | Noticed a boulder beetle
 10313 | Lair:1   | Killed a boulder beetle
 10313 | Lair:1   | Identified the +10 mace of the Winnowing Gods {freeze, rC++
                  | Dex-4 Stlth+} (Okawaru gifted it to you on level 1 of the
                  | Lair of Beasts)
 10313 | Lair:1   | Received a gift from Okawaru
 10443 | Lair:1   | Noticed a four-headed hydra
 10454 | Lair:1   | Killed a four-headed hydra
 10929 | Snake:1  | Entered Level 1 of the Snake Pit
 11030 | Lair:3   | Received a gift from Okawaru
 11413 | Lair:3   | Noticed a catoblepas
 11433 | Arena    | Entered the Arena
 11438 | Arena    | Killed a catoblepas
 11779 | Lair:4   | Noticed a death yak
 11870 | Lair:4   | Reached skill level 5 in Shields
 11875 | Lair:4   | Reached XP level 13. HP: 104/106 MP: 18/18
 11903 | Lair:4   | Reached skill level 10 in Armour
 12741 | Lair:5   | Entered Level 5 of the Lair of Beasts
 12751 | Lair:4   | Received a gift from Okawaru
 13001 | Lair:5   | Found a staircase to the Slime Pits.
 13001 | Lair:5   | Found a viscous altar of Jiyva.
 13007 | Lair:5   | Identified the +0 pair of boots of Awetwaameg {Regen+
                  | Int+3} (Okawaru gifted it to you on level 5 of the Lair of
                  | Beasts)
 13007 | Lair:5   | Received a gift from Okawaru
 13485 | Lair:5   | Gained mutation: A meltable icy envelope protects you from
                  | harm. (AC +8) [demonic ancestry]
 13485 | Lair:5   | Reached XP level 14. HP: 109/116 MP: 20/20
 13799 | Lair:5   | Identified the +0 robe of Huoc {rN+ Str+2 Dex+5 Stlth+}
 13958 | Lair:5   | Identified the +5 kite shield of the Ward {*Slow rC+ rCorr}
                  | (Okawaru gifted it to you on level 5 of the Lair of Beasts)
 13958 | Lair:5   | Received a gift from Okawaru
 14288 | D:10     | Noticed Amaemon
 14302 | D:9      | Killed Amaemon
 14355 | D:10     | Noticed Lodul
 14407 | D:10     | Noticed Sonja
 14429 | D:10     | Killed Sonja
 14575 | D:10     | Killed Nergalle
 14697 | D:10     | Reached skill level 10 in Invocations
 14705 | D:10     | Killed Lodul
 14724 | D:10     | Found Jaatati's Armour Emporium.
 15270 | Orc:1    | Entered Level 1 of the Orcish Mines
 15340 | Orc:2    | Entered Level 2 of the Orcish Mines
 15340 | Orc:2    | Found Dexty's Specific Store.
 15416 | Orc:2    | Found Reownidd's General Store.
 15465 | Orc:2    | Found Giasess's General Store.
 15982 | Orc:1    | Noticed Fannar
 15992 | Orc:1    | Killed Fannar
 16296 | Orc:2    | Found a staircase to the Elven Halls.
 16322 | Orc:2    | Found a burning altar of Makhleb.
 16928 | Orc:2    | Identified the -2 buckler of Protective Custody {rC+}
                  | (Okawaru gifted it to you on level 2 of the Orcish Mines)
 16928 | Orc:2    | Received a gift from Okawaru
 16966 | Orc:2    | Found Qonaolot's Book Emporium.
 16966 | Orc:2    | Found Polup's Antique Armour Emporium.
 16967 | Orc:2    | Found Ziumpi's Antique Armour Shoppe.
 16967 | Orc:2    | Found Ywium's Weapon Emporium.
 17367 | D:11     | Reached XP level 15. HP: 125/125 MP: 23/23
 17530 | D:11     | Noticed Psyche
 17536 | D:11     | Killed Psyche
 17561 | D:11     | Found a frozen archway.
 17584 | IceCv    | Entered an ice cave
 17784 | IceCv    | Found an ancient bone altar of Kikubaaqudgha.
 18853 | D:12     | Received a gift from Okawaru
 19034 | D:12     | You fall into a shaft and drop 1 floor!
 19072 | D:13     | Identified the +11 mace of Slime {freeze, rN+} (Okawaru
                  | gifted it to you on level 13 of the Dungeon)
 19072 | D:13     | Received a gift from Okawaru
 19130 | D:13     | Gained mutation: You are dopey. (Int -2) [a neqoxec]
 19131 | D:13     | Gained mutation: You are very weak. (Str -4) [a neqoxec]
 19194 | D:13     | Gained mutation: You sometimes lose your temper in combat.
                  | [a neqoxec]
 19196 | D:13     | Gained mutation: You have an uncontrollable temper. [a
                  | neqoxec]
 19320 | D:12     | Found a gateway to a bazaar.
 19327 | Bazaar   | Entered a bazaar
 19327 | Bazaar   | Found Inoxt's Antique Armour Shoppe.
 19354 | Bazaar   | Bought a faintly humming plate armour for 504 gold pieces
 19354 | Bazaar   | Identified the +3 plate armour of the Crafting Gods {Harm
                  | rF- Str+9 Stlth+} (You bought it in a shop in a bazaar)
 19355 | Bazaar   | Found Ebrucweg's Antique Armour Shoppe.
 19363 | Bazaar   | Bought an embroidered scarf for 176 gold pieces
 19363 | Bazaar   | Bought a runed scarf for 176 gold pieces
 19390 | Bazaar   | Found Jicuedac's Jewellery Boutique.
 19395 | Bazaar   | Found Ameat's Antique Armour Shop.
 19402 | Bazaar   | Found Laladd's Magic Scroll Emporium.
 19552 | D:13     | Found a portal to a secret trove of treasure.
 20108 | D:10     | Lost mutation: You have sharp toenails. [potion of
                  | mutation]
 20108 | D:10     | Lost mutation: You have a pair of horns on your head.
                  | [potion of mutation]
 20108 | D:10     | Lost mutation: Your natural rate of healing is unusually
                  | fast. [potion of mutation]
 20108 | D:10     | Gained mutation: You are frail. (-10% HP) [potion of
                  | mutation]
 20108 | D:10     | Lost mutation: You have an uncontrollable temper. [potion
                  | of mutation]
 20108 | D:10     | Lost mutation: You are very weak. (Str -4) [potion of
                  | mutation]
 20108 | D:10     | Gained mutation: You have a pair of horns on your head.
                  | [potion of mutation]
 20115 | D:10     | Lost mutation: You are weak. (Str -2) [potion of mutation]
 20115 | D:10     | Lost mutation: You have a pair of horns on your head.
                  | [potion of mutation]
 20115 | D:10     | Lost mutation: You are dopey. (Int -2) [potion of mutation]
 20115 | D:10     | Gained mutation: You have a pair of horns on your head.
                  | [potion of mutation]
 20149 | D:9      | Lost mutation: You have a pair of horns on your head.
                  | [potion of mutation]
 20149 | D:9      | Lost mutation: You are frail. (-10% HP) [potion of
                  | mutation]
 20149 | D:9      | Gained mutation: You have large cloven feet. [potion of
                  | mutation]
 20149 | D:9      | Gained mutation: You are clumsy. (Dex -2) [potion of
                  | mutation]
 20149 | D:9      | Gained mutation: You are very clumsy. (Dex -4) [potion of
                  | mutation]
 20661 | D:13     | Found a gate to the Vaults.
 21119 | D:14     | HP: 2/127 [enormous slime creature (14)]
 21119 | D:14     | Slain by a slime creature

Illustrated notes

Levels and vault maps discovered:
D:1:      minmay_arrival_shattered_statue, layout_loops_cross
D:2:      layout_rooms, basic_altar, dk_noncrumbling_3
D:3:      layout_rooms, portal_sewer_entry_d, minmay_misc_feat_square,
          uniq_sigmund, uniq_terence, uniq_crazy_yiuf_cottage
D:4:      layout_layer_cave
D:5:      layout_gridville, lemuel_temple_firewalk_b
D:6:      layout_loops_corners, mainiacjoe_overflow_catwalk, minmay_misc_feat_x,
          uniq_grinder, uniq_menkaure
D:7:      layout_cave_pools, minmay_overflow_temple_hex,
          gammafunk_ghost_berserking_beasts, nicolae_ossuary_entry_catacombs
D:8:      layout_basic, minitemple, eat_drink_and_be_merry_uskayaw,
          david_lair_shrubbed, minivault_27, uniq_grum
D:9:      layout_roguey, serial_shops, nicolae_square_shop, serial_aquarium,
          aquarium_bridge_square [aquarium_subvault_wall,
          aquarium_subvault_balcony, aquarium_subvault_bridge,
          aquarium_subvault_wall], aquarium_window_fake,
          aquarium_window_corridor_2, aquarium_view_2c, aquarium_view_2b,
          aquarium_balcony_5b, nrook_mini_vaults, uniq_erica, uniq_erolcha
D:10:     layout_layer_cave, orc_david_3, minmay_fractal_squares_diagonal_5,
          uniq_nergalle, uniq_sonja, uniq_amaemon, uniq_lodul
D:11:     layout_small_grid, portal_ice_cave_entry_ice_simulacra, serial_ice,
          serial_ice_i, serial_ice_f, serial_ice_o, serial_ice_c,
          nicolae_titane, uniq_psyche
D:12:     layout_basic, serial_shops, statue_bzr
D:13:     layout_basic, grunt_vaults_entry_tiered, serial_demonic,
          serial_demonic_b, serial_demonic_b, serial_demonic_b,
          serial_demonic_e, serial_demonic_c, serial_demonic_d,
          serial_demonic_e, enter_trove_1
D:14:     layout_stronghold, ebering_ghost_funeral_grove,
          hangedman_decor_points, serial_shops, nicolae_shop_crystal,
          gauntlet_entry_generic, chequers_serial_rivers_large_a,
          minmay_hedge_maze, grunt_decor_fettered
Temple:   jpeg_temple_island
Lair:1:   layout_small_grid, minmay_shattered_shrine, infiniplex_staircase_pool,
          grunt_megastairs_5, lemuel_fruit_tree
Lair:2:   layout_chaotic_city, skrybe_swamp_entry_bodies,
          minmay_snake_entry_guardpost_medium, forest_entry_grove
Lair:3:   layout_small_grid, minmay_holes, infiniplex_staircase_pool_2,
          grunt_megastairs_3
Lair:4:   layout_cave_pods, grunt_forest_large_clearings
Lair:5:   hangedman_lair_in_review, layout_cellular_growth,
          hangedman_lair_caniforms_friends, nicolae_slime_entry_slimehenge,
          eino_house_with_fridge
Snake:1:  layout_onion
Orc:1:    layout_diamond_mine, uniq_fannar
Orc:2:    st_orc_pillars, layout_caves, serial_shops, shop_fountains,
          basic_altar, nicolae_specific_store

Skill      XL: |  1  2  3  4  5  6  7  8  9 10 11 12 13 14 15 |
---------------+----------------------------------------------+-----
Maces & Flails | 3 4 5 7 9 10 11 12 13 14 | 14.8
Stealth        | 1 2 |  2.9
Dodging        | 3 4 |  4.7
Armour         | 1 2 3 4 5 6 8 9 11 12 13 | 13.4
Fighting       | 3 4 5 7 9 10 11 12 13 14 | 14.6
Shields        | 1 2 3 4 5 6 |  6.8
Throwing       | 2 |  2.6
Invocations    | 1 4 7 8 10 11 | 11.8

Action                     |  1- 3 |  4- 6 |  7- 9 | 10-12 | 13-15 || total
---------------------------+-------+-------+-------+-------+-------++-------
  Melee: Flail             |    87 |   134 |       |       |       ||   221
         Punch             |     3 |     4 |     1 |     5 |    23 ||    36
         Morningstar       |       |    31 |   328 |   441 |  1282 ||  2082
         Headbutt          |       |       |       |    98 |   283 ||   381
         Mace              |       |       |       |       |    13 ||    13
  Throw: Throwing net      |       |     2 |     5 |     2 |     5 ||    14
         Dart              |       |       |       |     2 |       ||     2
 Invoke: Heroism           |       |       |       |     3 |    10 ||    13
         Duel              |       |       |       |     1 |       ||     1
  Evoke: Wand              |       |       |       |     1 |       ||     1
    Use: Scroll            |     3 |    10 |    12 |     8 |     8 ||    41
         Potion            |       |     1 |     2 |     2 |     3 ||     8
   Stab: Sleeping          |       |     1 |       |       |       ||     1
         Invisible         |       |       |       |     1 |       ||     1
         Held in net/web   |       |       |       |     1 |       ||     1
         Distracted        |       |       |       |     1 |       ||     1
         Petrified         |       |       |       |       |     4 ||     4
 Armour: Leather armour    |    22 |       |       |       |       ||    22
         Ring mail         |     6 |    24 |       |       |       ||    30
         Skin              |     4 |       |       |       |       ||     4
         Scale mail        |       |    63 |    10 |       |       ||    73
         Plate armour      |       |       |   281 |   442 |  1668 ||  2391
  Dodge: Dodged            |    61 |   130 |   147 |   302 |  1233 ||  1873
  Block: Other             |    16 |    46 |    75 |   133 |   344 ||   614

Table legend: (Time is in decaauts)
 A = Elapsed time spent in this place.
 B = Non-inter-level travel time spent in this place.
 C = Inter-level travel time spent in this place.
 D = Time resting spent in this place.
 E = Time spent auto-exploring this place.
 F = Levels seen in this place.
 G = Mean time per level.
                   A        B        C        D        E       F      G
               +--------+--------+--------+--------+--------+-----+--------+
         Total |  21776 |  20010 |   1766 |   1060 |  13465 |  27 |  806.5 |
       Dungeon |  13286 |  11873 |   1413 |    657 |   8475 |  14 |  949.0 |
        Temple |    302 |    290 |     12 |      0 |    252 |   1 |  302.0 |
          Lair |   5482 |   5259 |    223 |    151 |   3422 |   5 | 1096.4 |
     Snake Pit |      1 |      1 |      0 |      0 |      0 |   1 |    1.0 |
  Orcish Mines |   1879 |   1762 |    117 |    217 |   1026 |   2 |  939.5 |
        Bazaar |    102 |    102 |      0 |      0 |     70 |   1 |  102.0 |
       Ossuary |     91 |     91 |      0 |      0 |     29 |   1 |   91.0 |
      Ice Cave |    604 |    604 |      0 |     16 |    190 |   1 |  604.0 |
         Arena |     25 |     25 |      0 |     19 |      0 |   1 |   25.0 |
               +--------+--------+--------+--------+--------+-----+--------+

Top non-repeatable levels by time:
  Lair:5: 1453 daAuts
     D:5: 1423 daAuts
   Orc:2: 1340 daAuts
    D:13: 1222 daAuts
  Lair:4: 1173 daAuts
  Lair:2: 1136 daAuts
     D:6: 1107 daAuts
     D:8: 1101 daAuts
     D:4: 1076 daAuts
     D:9: 1047 daAuts
    D:10: 998 daAuts
  Lair:1: 940 daAuts
    D:11: 931 daAuts
     D:3: 918 daAuts
     D:2: 910 daAuts
